 Dungeon Crawl Stone Soup version 0.28.0 (webtiles) character file.

Game seed: 10831632102661529178

1654 meepyknight the Chopper (level 9, 0/55 HPs)
             Began as a Gargoyle Fighter on Feb 19, 2022.
             Was a Follower of the Shining One.
             Slain by an orc wizard (2 damage)
             ... on level 6 of the Dungeon.
             The game lasted 00:06:04 (6859 turns).

meepyknight the Chopper (Gargoyle Fighter)          Turns: 6859, Time: 00:06:05

Health: 0/55       AC: 21    Str: 24    XL:     9   Next: 0%
Magic:  9/9        EV:  8    Int:  9    God:    the Shining One [*.....]
Gold:   392        SH:  5    Dex: 15    Spells: 8/8 levels left

rFire   . . .      SeeInvis .   a - +2 war axe
rCold   . . .      Faith    .   c - +0 buckler
rNeg    + . .      Spirit   .   i - +0 chain mail
rPois   ∞          Reflect  .   p - +0 helmet
rElec   +          Harm     .   q - +0 cloak
rCorr   .          Rampage  .   m - +1 pair of gloves
Will    .....                   (no boots)
Stlth   ..........              (no amulet)
HPRegen 0.18/turn               l - +6 ring of dexterity
MPRegen 0.11/turn               (no ring)

@: mighty, glowing
A: sickness immunity, AC +6, negative energy resistance 1, electricity
resistance, torment resistance 1, petrification resistance
a: Renounce Religion, Divine Shield


You were on level 6 of the Dungeon.
You worshipped the Shining One.
The Shining One was aware of your devotion.
You visited 2 branches of the dungeon, and saw 7 of its levels.

You collected 392 gold pieces.

Inventory:

Hand Weapons
 a - a +2 war axe (weapon)
Armour
 c - a +0 buckler (worn)
 i - a +0 chain mail (worn)
 m - a +1 pair of gloves (worn)
 p - a +0 helmet (worn)
 q - a +0 cloak (worn)
Jewellery
 l - a +6 ring of dexterity (left hand)
 s - a ring of positive energy
Wands
 j - a wand of flame (59)
Scrolls
 b - a scroll of blinking
 e - 2 scrolls of teleportation
 f - 6 scrolls of identify
 k - a scroll of fog
 o - 2 scrolls of fear
Potions
 g - 2 potions of curing
 h - a potion of degeneration {unknown}
 n - a potion of magic {unknown}
 r - a potion of heal wounds {unknown}


   Skills:
 + Level 5.9 Fighting
 + Level 7.8 Axes
 + Level 6.2 Armour
 + Level 4.8 Shields


You had 8 spell levels left.
You didn't know any spells.
Your spell library contained the following spells:

 Spells                   Type           Power      Damage    Failure   Level
 Airstrike                Air            0%         N/A       100%        4
 Summon Lightning Spire   Summ/Air       0%         N/A       100%        4
 Lightning Bolt           Conj/Air       0%         1d11      100%        5


Dungeon Overview and Level Annotations

Branches:
Dungeon (6/15)             Temple (1/1) D:5

Altars:
Cheibriados
Dithmenos
Elyvilon
Fedhas
Hepliaklqana
Kikubaaqudgha
Nemelex Xobeh
Okawaru
Qazlal
Sif Muna
Trog
Uskayaw
Wu Jian
Xom
Yredelemnul
Zin
The Shining One


Innate Abilities, Weirdness & Mutations

You are immune to sickness and miasma.
Your stone body is resilient. (AC +6)
You are immune to poison.
You resist negative energy. (rN+)
You are resistant to electric shocks. (rElec)
You are resistant to unholy torment.
You are immune to petrification.


Message History

You block the orc wizard's attack.
A kobold comes into view. It is wielding a +0 short sword.
You block the orc's attack.
Unknown command.
You barely miss the orc warrior.
The orc warrior is heavily wounded.
You barely miss the orc. You slash the orc wizard!
The orc warrior hits you with a +0 glaive!
The orc wizard gestures wildly while chanting.
The orc wizard flickers and vanishes for a moment.
You block the orc's attack.
You are too injured to fight recklessly!
Unknown command.
Unknown command.
You are too injured to fight recklessly!
You are too injured to fight recklessly!
Unknown command.
You are too injured to fight recklessly!
Unknown command.
You are too injured to fight recklessly!
You feel very mighty all of a sudden. You block the orc warrior's attack.
The orc wizard hits you with a +0 dagger.
You block the orc's attack.
You hit the orc warrior but do no damage.
The orc warrior is heavily wounded.
You hit the orc wizard. You slash the orc!
You kill the orc!
The orc warrior hits you with a +0 glaive!
* * * LOW HITPOINT WARNING * * *
The orc wizard closely misses you.
Unknown command.
Unknown command.
You slash the orc warrior!
The orc warrior is almost dead.
You hit the orc wizard.
The orc warrior hits you with a +0 glaive!
* * * LOW HITPOINT WARNING * * *
The orc wizard hits you with a +0 dagger.
You die...

### #### .... #..
..... ### #(#
##....
##.###.#######.....
#..........))o)#
##.###.......@o#
#.#
######.)..K.KK..
#.# #....##.... #.#
#....# ... #.#
#...... . #.#
#.##.#.. #.# #.#
..#.. #.# #.. .....
#####.#


You could see an orc warrior, an orc wizard (invisible) and 3 kobolds.

Vanquished Creatures
  Prince Ribbit (D:5)
  A black bear (D:6)
  An ice beast (D:5)
  2 necrophages
  2 ogres (D:5)
  A centaur (D:6)
  A phantom (D:5)
  A scorpion (D:5)
  3 jellies (D:5)
  Crazy Yiuf (D:5)
  2 bullfrog skeletons (D:5)
  An orc priest (D:4)
  2 hounds
  An orc wizard (D:3)
  A scorpion zombie (D:5)
  Natasha (thrice) (D:3)
  4 iguanas
  A hound skeleton (D:5)
  Robin (D:3)
  10 adders
  A shadow imp (D:5)
  An adder skeleton (D:4)
  2 worms
  3 dart slugs
  16 orcs
  10 ball pythons
  2 endoplasms
  3 giant cockroaches
  15 goblins
  12 hobgoblins
  7 jackals (D:5)
  10 kobolds
  2 quokkas
  3 bats (D:1)
  2 frilled lizards (D:3)
  2 rats (D:1)
131 creatures vanquished.

Vanquished Creatures (others)
  2 fungi (D:1)
  A plant (D:3)
  3 toadstools (D:1)
6 creatures vanquished.

Grand Total: 137 creatures vanquished

Notes
Turn   | Place    | Note
-------+----------+-------------------------------------------
     0 | D:1      | meepyknight the Gargoyle Fighter began the quest for the
                  | Orb.
     0 | D:1      | Reached XP level 1. HP: 14/14 MP: 1/1
   408 | D:1      | Reached XP level 2. HP: 18/19 MP: 2/2
   847 | D:1      | Reached skill level 2 in Axes
  1598 | D:2      | Reached XP level 3. HP: 24/24 MP: 3/3
  1814 | D:2      | Found a faded altar of an unknown god.
  1824 | D:2      | Reached XP level 4. HP: 21/29 MP: 4/4
  2525 | D:3      | Reached skill level 3 in Axes
  2688 | D:3      | Noticed Natasha
  2691 | D:3      | Killed Natasha
  2692 | D:3      | Reached XP level 5. HP: 33/33 MP: 5/5
  2731 | D:3      | Noticed Robin
  2743 | D:3      | Killed Robin
  2991 | D:3      | Noticed Natasha
  2998 | D:3      | Killed Natasha
  3143 | D:3      | Reached skill level 4 in Axes
  3143 | D:3      | Reached XP level 6. HP: 33/38 MP: 6/6
  3412 | D:3      | Noticed Natasha
  3421 | D:3      | Killed Natasha
  3753 | D:4      | Noticed a necrophage
  3779 | D:4      | Killed a necrophage
  4610 | D:5      | Entered Level 5 of the Dungeon
  4617 | D:5      | Reached XP level 7. HP: 44/44 MP: 7/7
  4618 | D:5      | Found a staircase to the Ecumenical Temple.
  4676 | Temple   | Entered the Ecumenical Temple
  4783 | Temple   | Became a worshipper of the Shining One
  4840 | D:5      | Reached skill level 5 in Axes
  4925 | D:5      | Reached skill level 5 in Armour
  4929 | D:5      | Reached skill level 5 in Fighting
  4938 | D:5      | Found a hide-covered altar of Uskayaw.
  5180 | D:5      | Reached skill level 6 in Axes
  5184 | D:5      | Reached XP level 8. HP: 43/49 MP: 8/8
  5340 | D:5      | Reached * piety under the Shining One
  5766 | D:5      | Found a runed translucent door.
  5767 | D:5      | Noticed Crazy Yiuf
  6041 | D:5      | Noticed Prince Ribbit
  6063 | D:5      | Killed Prince Ribbit
  6064 | D:5      | Reached skill level 7 in Axes
  6318 | D:5      | Killed Crazy Yiuf
  6849 | D:6      | Reached XP level 9. HP: 54/55 MP: 9/9
  6859 | D:6      | HP: 2/55 [orc warrior (8)]
  6859 | D:6      | Slain by an orc wizard

Illustrated notes

Levels and vault maps discovered:
D:1:      minmay_arrival_up_and_down, layout_basic, minmay_gold_behind_fungi,
          solitary_fountain, minmay_misc_feat_roman,
          chequers_serial_rivers_micro_d
D:2:      layout_loops_ring, basic_ecumenical_altar
D:3:      layout_rooms, nicolae_concentric_dashed_squares_mild,
          minmay_shallow_snake_nest, uniq_natasha, uniq_robin
D:4:      layout_loops_corners, kennysheep_generic_room_12
D:5:      layout_loops_corners, minmay_temple_entry_arrows,
          minmay_ruined_shrine, uniq_prince_ribbit1, uniq_crazy_yiuf_cottage
D:6:      layout_loops_ring, hangedman_abyss_or_decor_lesser_grid
Temple:   regret_index_temple_sphere_string

Skill      XL: |  1  2  3  4  5  6  7  8 |
---------------+-------------------------+-----
Axes           | 2 3 4 6 7 |  7.8
Armour         | 4 5 6 |  6.2
Fighting       | 4 5 |  5.9
Shields        | 4 |  4.8

Action                   |  1- 3 |  4- 6 |  7- 9 || total
-------------------------+-------+-------+-------++-------
Melee: War axe           |    77 |   198 |   143 ||   418
  Use: Scroll            |     2 |     6 |     5 ||    13
       Potion            |       |       |     3 ||     3
Armor: Scale mail        |    38 |    27 |       ||    65
       Chain mail        |       |   128 |    95 ||   223
Dodge: Dodged            |    35 |    93 |    51 ||   179
Block: Buckler           |    16 |    43 |    42 ||   101
